 Dungeon Crawl Stone Soup version 0.17-a0-1942-g46ae386 (webtiles) character file.

125 ololoev the Chopper (level 5, -11/47 HPs)
             Began as a Hill Orc Fighter on Sept 30, 2015.
             Mangled by a gnoll
             ... wielding a +0 halberd
              (14 damage)
             ... on level 4 of the Dungeon.
             The game lasted 00:02:48 (324 turns).

ololoev the Chopper (Hill Orc Fighter)               Turns: 324, Time: 00:02:48

Health: -11/47     AC:  7    Str: 20    XL:     5   Next: 9%
Magic:  5/5        EV:  9    Int:  8    God:
Gold:   111        SH:  0    Dex: 10    Spells: 0 memorised, 4 levels left

rFire  . . .     SeeInvis .     a - +0 war axe
rCold  . . .     Clarity  .     b - +0 scale mail
rNeg   . . .     SustAt   .     (no shield)
rPois  .         Gourm    .     (no helmet)
rElec  .         Spirit   .     (no cloak)
rCorr  .         Warding  .     (no gloves)
rMut   .         Stasis   .     (no boots)
MR     .....                    (no amulet)
Stlth  ..........               (no ring)
                                d - ring of wizardry

@: not resistant to hostile enchantments, extremely unstealthy
A: no striking features
a: no special abilities

Inventory:

Hand weapons
 a - a +0 war axe (weapon)
Armour
 b - a +0 scale mail (worn)
Jewellery
 d - a ring of wizardry (left hand)
Magical devices
 g - a wand of paralysis (0)
Potions
 c - a potion of brilliance
Comestibles
 e - 2 bread rations
 f - a slice of pizza
 h - 3 chunks of flesh


   Skills:
 + Level 4.6 Fighting
 * Level 5.0 Axes
 + Level 4.0 Armour
   Level 3.2 Shields
 + Level 1.0 Evocations


You had 4 spell levels left.
You didn't know any spells.


You were on level 4 of the Dungeon.
You were not hungry.

You visited 1 branch of the dungeon, and saw 4 of its levels.

You collected 111 gold pieces.

... #.. #..
##..# ##...
#...
######..#
........#
.....
......)@##
a....
######.gg###
......
###.g.#♣
.....#
##...♣♣.....#
###.♣......#
#...$....#
#.........
##.........
#..........

Notes
Turn   | Place    | Note
--------------------------------------------------------------
     0 | D:1      | ololoev the Hill Orc Fighter began the quest for the Orb.
     0 | D:1      | Reached XP level 1. HP: 19/19 MP: 1/1
    89 | D:2      | Reached XP level 2. HP: 10/27 MP: 2/2
    89 | D:2      | Reached XP level 3. HP: 12/33 MP: 3/3
    89 | D:2      | Reached skill level 4 in Fighting
   175 | D:3      | Noticed ololoev's ghost (weakling HEFi)
   268 | D:4      | Reached XP level 4. HP: 31/40 MP: 4/4
   320 | D:4      | Reached skill level 5 in Axes
   320 | D:4      | Reached XP level 5. HP: 18/47 MP: 5/5
   320 | D:4      | Reached skill level 1 in Evocations
   324 | D:4      | Mangled by a gnoll

Dungeon Overview and Level Annotations

Branches:
Dungeon (4/15)
 Temple: D:4-7

Altars:

Annotations:
D:3 ololoev's ghost, weakling HEFi


Message History

You slash the gnoll shaman!
The gnoll shaman is moderately wounded.
You closely miss the giant gecko.
The giant gecko bites you but does no damage.
The gnoll shaman barely misses you.
The gnoll hits you from afar with a spear.
The giant gecko bites you but does no damage.
You slash the gnoll shaman!
The gnoll shaman is severely wounded.
You hit the giant gecko.
The giant gecko is moderately wounded.
The gnoll shaman hits you but does no damage.
The gnoll misses you. The giant gecko completely misses you.
The gnoll shaman hits you but does no damage.
You slash the gnoll shaman!
You kill the gnoll shaman!
Your Axes skill increases to level 5!
Your Armour skill increases to level 4!
You have reached level 5!
You feel stronger.
You slash the giant gecko!
You kill the giant gecko!
Your Evocations skill increases to level 1!
The gnoll hits you but does no damage. x2
The gnoll barely misses you.
The gnoll hits you from afar with a halberd.
The gnoll hits you with a spear.
You see here a giant gecko corpse.
Unknown command.
You closely miss the gnoll. x2
The gnoll hits you but does no damage. The gnoll barely misses you.
The gnoll closely misses you. The gnoll barely misses you.
Unknown command.
You closely miss the gnoll.
Your scale mail prevents you from hitting the gnoll.
The gnoll closely misses you. The gnoll hits you with a spear.
The gnoll hits you with a whip.
Unknown command.
You hit the gnoll but do no damage. x2
The gnoll hits you from afar with a halberd!
You die...

You could see 3 gnolls.

Vanquished Creatures
  A gnoll shaman (D:4)
  A worker ant (D:4)
  2 adders
  3 gnolls (D:2)
  A giant gecko (D:4)
  4 orcs (D:4)
  2 bats
  2 giant cockroaches
  2 hobgoblins (D:1)
  A kobold (D:2)
  2 jackals (D:4)
  3 rats
24 creatures vanquished.

Action                   |  1- 3 |  4- 6 || total
-------------------------+-------+-------++-------
Melee: War axe           |    33 |    20 ||    53
Evoke: Wand              |       |     4 ||     4
  Use: Potion            |     3 |       ||     3
 Stab: Paralysed         |       |     2 ||     2

Vault maps used:
D:1:      minmay_arrival_diagonal_passages
D:2:      okawaru_trees_1
D:3:      tgw_trog
D:4:      serial_shops, nicolae_shop_temple_entry_statues_fountains,
          first_bread, kennysheep_decorative_pillar
